 Dungeon Crawl Stone Soup version bcrawl-1.39.1 (webtiles) character file.

Game seed: 14537478017879025207

171707 Finalfun the Skirmisher (level 5, -3/46 HPs)
             Began as a Draconian Archaeologist on Sept 23, 2023.
             Slain by a gnoll (8 damage)
             ... on level 4 of the Dungeon.
             The game lasted 00:09:39 (2582 turns).

Finalfun the Skirmisher (Draconian Archaeologist)   Turns: 2582, Time: 00:09:40

Health: -3/46      AC:  9    Str: 14    XL:     5   Next: 76%
Magic:  5/5        EV: 12    Int: 13    God:
Gold:   178        SH:  0    Dex:  5    Spells: 0/4 levels left

rFire    . . .     GDR:     15% a - +0 whip
rCold    + . .     SeeInvis .   (no shield)
rNeg     . . .     Gourm    .   (armour unavailable)
rPois    +         Faith    .   c - +1 hat
rElec    .         Spirit   .   (no cloak)
rCorr    .         Reflect  .   (no gloves)
MR       +++..                  d - +1 pair of boots
Stlth    ++........             s - amulet of magic regeneration
HPRegen  0.17/turn              j - +1 ring of protection
MPRegen  0.21/turn              g - ring "Liarph" {rPois rC+ MR+++ Int-2 Dex-4}

@: no status effects
A: unfitting armour, cold-blooded, AC +5
a: no special abilities


You were on level 4 of the Dungeon.
You were not hungry.

You visited 1 branch of the dungeon, and saw 4 of its levels.

You collected 178 gold pieces.

Inventory:

Hand Weapons
 a - a +0 whip (weapon)
 b - a +0 blowgun
Missiles
 h - 6 curare-tipped needles
 r - 143 poisoned needles
Armour
 c - a +1 hat (worn)
 d - a +1 pair of boots (worn)
Jewellery
 g - the ring "Liarph" (right hand) {rPois rC+ MR+++ Int-2 Dex-4}
   (You acquired it on level 2 of the Dungeon)

   [ring of protection from cold]

   It affects your intelligence (-2).
   It affects your dexterity (-4).
   It protects you from cold.
   It protects you from poison.
   It affects your resistance to hostile enchantments.
 j - a +1 ring of protection (left hand)
 s - an amulet of magic regeneration (around neck)
Scrolls
 f - a scroll of revelation
 l - 3 scrolls of enchant armour {unknown}
 q - 2 scrolls of remove curse
Potions
 i - a potion of degeneration {unknown}
 k - a potion of curing {unknown}
 m - a potion of cancellation {unknown}
 o - 2 potions of invisibility
Comestibles
 e - 7 rations {!d}
 n - a chunk of flesh


   Skills:
 - Level 4.0 Fighting
 + Level 3.3 Maces & Flails
 - Level 3.0 Dodging
 - Level 3.0 Stealth
 + Level 0.3 Spellcasting
 + Level 2.0 Summonings
 + Level 0.5 Translocations


You couldn't memorise any spells.
You knew the following spells:

 Your Spells              Type           Power        Failure   Level  Hunger
a - Call Imp              Summ           #.....       19%         2    ###....
b - Blink                 Tloc           N/A          36%         2    ###....

Your spell library contained the following spells:

 Spells                   Type           Power        Failure   Level  Hunger
 Summon Butterflies       Summ           #.......     13%         1    None
 Apportation              Tloc           #.....       24%         1    None
 Corona                   Hex            #......      30%         1    None
 Infusion                 Chrm           #.......     30%         1    None
 Magic Dart               Conj           #...         30%         1    None
 Sandblast                Erth           #.....       30%         1    None
 Slow                     Hex            #.......     30%         1    None
 Static Discharge         Air            #.....       30%         1    None
 Shock                    Conj/Air       #......      41%         2    ###....
 Swiftness                Chrm/Air       #.......     41%         2    ###....
 Conjure Flame            Conj/Fire      #.......     65%         3    #####..
 Mephitic Cloud           Conj/Pois/Air  #.......     65%         3    #####..
 Spider Form              Tmut/Pois      #..          65%         3    #####..
 Lightning Bolt           Conj/Air       #.......     96%         4    ######.


Dungeon Overview and Level Annotations

Branches:
Dungeon (4/12)
 Temple: D:4-7

Altars:
Sif Muna

Annotations:
D:4 Edmund


Innate Abilities, Weirdness & Mutations

Your plain brown scales are hard. (AC +5)
You cannot fit into any form of body armour.
You are cold-blooded and may be slowed by cold attacks.


Message History

The gnoll is heavily wounded.
The gnoll closely misses you.
The crimson imp hits you but does no damage.
The gnoll closely misses you. Something hits you.
The gnoll hits you but does no damage.
You hit the gnoll.
The gnoll is almost dead.
The crimson imp breathes fire at you. The flame tongue misses you.
The gnoll hits you but does no damage.
You hear a grinding noise.
Something hits you!
* * * LOW HITPOINT WARNING * * *
x2 The gnoll barely misses you.
The gnoll hits you but does no damage. The crimson imp barely misses you.
You closely miss the gnoll.
The gnoll is almost dead.
The worker ant barely misses you.
The gnoll shaman calls upon its god to heal the gnoll.
The gnoll is healed somewhat.
The gnoll closely misses you. The gnoll hits you!
You die...

.##.*###.###.##*#..,,..,,,,***
.....##...##.###...,....,,,,,*
,,...#..≈..#.#...###....,,,,**
,,,....≈≈≈..............,,,***
,,,..#..≈..#............,,,,,*
,,...##...##...go.S.....,,,,**
,,....##.##...olsg5.....,,,*****
,?...........so5ggg.....,,,,,,,**
,........s..####@gg.....,,,,,,,,*
,..#.........#*#a{......,,,,,,,,*
,*,###........##........,,,,,,,**
,*,*#..##......#........,,,,,***
,*,....,................,,**,*
,,....O.................,,****
,,S..).........(........,**
,,,,,,..S.........(.....**
,,,,,,,,,,**,,,,,,,,,,***


You could see a gnoll shaman (inner flame), a scorpion, a worker ant (inner
flame), 6 gnolls, 2 crimson imps, an adder, an orc priest (inner flame), 2 orcs,
a leopard gecko (inner flame) and a giant cockroach (inner flame).

Vanquished Creatures
  A jelly (D:2)
  A bullfrog skeleton (D:4)
  Jessica (D:2)
  Robin (D:2)
  3 adders
  An ooze (D:1)
  2 worms (D:2)
  4 dart slugs
  5 leopard geckos
  An orc (D:4)
  4 giant cockroaches
  12 goblins
  12 hobgoblins
  5 jackals
  12 kobolds
  A ball python (D:2)
  10 bats
  5 frilled lizards
  8 rats
89 creatures vanquished.

Notes
Turn   | Place    | Note
-------+----------+-------------------------------------------
     0 | D:1      | Finalfun the Draconian Archaeologist began the quest for
                  | the Orb.
     0 | D:1      | Reached XP level 1. HP: 16/16 MP: 1/1
    87 | D:1      | Reached XP level 2. HP: 23/23 MP: 2/2
   251 | D:1      | Reached skill level 2 in Fighting
   514 | D:1      | Reached XP level 3. HP: 29/29 MP: 3/3
   933 | D:2      | Reached skill level 3 in Fighting
   951 | D:2      | Noticed Jessica
  1185 | D:2      | Reached XP level 4. HP: 38/38 MP: 4/4
  1381 | D:2      | Killed Jessica
  1382 | D:2      | Reached skill level 4 in Fighting
  1622 | D:2      | Learned a level 2 spell: Call Imp
  1843 | D:3      | Noticed Robin
  1911 | D:2      | Reached skill level 1 in Summonings
  1911 | D:2      | Reached XP level 5. HP: 43/46 MP: 5/5
  1911 | D:2      | Identified a scroll of acquirement
  1911 | D:2      | Identified the +7 halberd of Exquisite Death {protect, rF+}
                  | (You acquired it on level 2 of the Dungeon)
  1911 | D:2      | Identified the ring "Liarph" {rPois rC+ MR+++ Int-2 Dex-4}
                  | (You acquired it on level 2 of the Dungeon)
  1931 | D:2      | Killed Robin
  2374 | D:3      | Found a shimmering blue altar of Sif Muna.
  2444 | D:3      | Learned a level 2 spell: Blink
  2569 | D:4      | Noticed an ogre
  2576 | D:4      | Noticed Edmund
  2576 | D:4      | Noticed an ogre
  2582 | D:4      | Slain by a gnoll

Skill      XL: |  1  2  3  4  5 |
---------------+----------------+-----
Dodging        | 3 |  3.0
Fighting       | 2 3 4 |  4.0
Maces & Flails | 2 3 |  3.3
Summonings     | 1 2 |  2.0
Stealth        | |  3.0
Spellcasting   | |  0.3
Translocations | |  0.5

Action                   |  1- 3 |  4- 6 || total
-------------------------+-------+-------++-------
Melee: Whip              |   199 |   208 ||   407
       Tailslap          |    19 |    22 ||    41
  Use: Scroll            |     1 |     6 ||     7
 Stab: Sleeping          |     8 |     3 ||    11
  Eat: Chunk             |     6 |    11 ||    17
Armor: Skin              |    95 |    85 ||   180
Dodge: Dodged            |   162 |   141 ||   303
